 Dungeon Crawl Stone Soup version 0.15-a0-2195-g4ca748e (webtiles) character file.

520 fransbal the Poker (level 7, -1/64 HPs)
             Began as a Naga Wanderer on July 22, 2014.
             Was an Initiate of Makhleb.
             Slain by a hound (4 damage)
             ... on Level 4 of the Dungeon.
             The game lasted 00:15:58 (4653 turns).

fransbal the Poker (Naga Wanderer)                  Turns: 4653, Time: 00:15:58

HP  -1/64        AC  7     Str 14      XL: 7   Next: 21%
MP   5/8         EV  8     Int 12      God: Makhleb [......]
Gold 208         SH  0     Dex 13      Spells:  0 memorised,  6 levels left

rFire  . . .     SeeInvis +     a - +2 spear
rCold  + . .     Clarity  .     i - +3 leather armour {rPois}
rNeg   . . .     rCorr    .     (no shield)
rPois  +         rRot     .     (no helmet)
rElec  .         Spirit   .     (no cloak)
SustAb .         Warding  .     (no gloves)
rMut   .         Rnd*Tele +     (no barding)
Gourm  .                        (no amulet)
MR     .....                    d - ring of teleportation
                                u - ring of protection from cold

@: about to teleport, very slow, not resistant to hostile enchantments,
unstealthy
A: spit poison, see invisible, deformed body, poison resistance, slowness 2, AC
+2
a: Spit Poison, Renounce Religion, Evoke Teleportation


You were on level 4 of the Dungeon.
You worshipped Makhleb.
Makhleb was noncommittal.
You were very hungry.

You visited 1 branch of the dungeon, and saw 4 of its levels.

You collected 208 gold pieces.


Innate Abilities, Weirdness & Mutations

You cannot wear boots.
You can spit poison.
Your serpentine skin is tough (AC +2).
You have supernaturally acute eyesight.
Armour fits poorly on your strangely shaped body.
Your system is resistant to poisons.
You cover ground very slowly.


   Skills:
 - Level 4.0 Fighting
 + Level 7.3 Polearms
 - Level 3.2 Armour
 - Level 1.5 Stealth
 - Level 1.0 Evocations


You had 6 spell levels left.
You didn't know any spells.

Inventory:

Hand weapons
 a - a +2 spear (weapon)
 l - a +2 whip of venom
 v - a +0 halberd
Armour
 i - a +3 leather armour of poison resistance (worn)
Magical devices
 r - a wand of slowing (6)
Comestibles
 f - 2 bread rations
 p - 2 slices of pizza
 q - 3 meat rations
Scrolls
 c - 2 scrolls of teleportation
 j - a scroll of enchant armour
 k - 4 scrolls of remove curse
 s - a scroll of random uselessness
Jewellery
 d - a ring of teleportation (right hand)
 u - a ring of protection from cold (left hand)
 x - an uncursed ring of ice
Potions
 b - 5 potions of curing
 e - 2 potions of heal wounds
 h - 2 potions of mutation {unknown}
 m - a potion of agility {unknown}
 n - a potion of magic {unknown}
 o - a potion of restore abilities {unknown}


Message History

Okay, then.
Use which ability? (? or * to list)
You fail to use your ability.
The orc wizard becomes somewhat translucent.
The hound barely misses you.
The orc wizard becomes somewhat translucent.
Use which ability? (? or * to list)
You fail to use your ability.
The hound bites you but does no damage. The iguana bites you!
The hound bites you.
* * * LOW HITPOINT WARNING * * *
Use which ability? (? or * to list)
You feel strangely unstable.
You are feeling very hungry.
The hound closely misses you. The iguana bites you!
* * * LOW HITPOINT WARNING * * *
The hound bites you but does no damage.
The orc wizard becomes somewhat translucent.
The iguana barely misses you. The hound bites you.
You die...

#.####..# ##............ #
##.###............. ...
#.##.............. ..#
##.................
##..#####..#...............
##..........##..............
..#.......##..###.............
.......#..###.###.............
.....#.r###@.##............. .
#..#..o##h................
.....#......#ol...............
.............rl###.............
.............###..#...........
..............#..##...........
................###......)..##
..............## ##....<...##
............## ##.##.#...##


You could see 2 iguanas, a hound, an orc wizard and a rat.

Vanquished Creatures
  A phantom (D:4)
  A hound (D:3)
  An iguana (D:4)
  2 orc priests
  3 worker ants
  5 adders
  6 gnolls
  3 worms (D:2)
  An orc zombie (D:3)
  An iguana skeleton (D:4)
  3 giant geckos
  An ooze (D:1)
  9 orcs
  5 giant cockroaches
  7 hobgoblins
  8 jackals
  12 kobolds
  2 quokkas
  10 bats
  2 giant newts (D:1)
  10 goblins
  A kobold skeleton (D:3)
  9 rats
103 creatures vanquished.

Notes
Turn   | Place    | Note
--------------------------------------------------------------
     0 | D:1      | fransbal, the Naga Wanderer, began the quest for the Orb.
     0 | D:1      | Reached XP level 1. HP: 22/22 MP: 1/1
   105 | D:1      | Reached skill level 1 in Polearms
   263 | D:1      | Reached XP level 2. HP: 30/30 MP: 2/2
   707 | D:1      | Reached XP level 3. HP: 21/36 MP: 3/3
  1023 | D:2      | Reached skill level 3 in Polearms
  1320 | D:2      | Reached XP level 4. HP: 35/44 MP: 4/4
  2051 | D:3      | Reached XP level 5. HP: 43/50 MP: 5/5
  2091 | D:3      | Found a burning altar of Makhleb.
  2293 | D:3      | Found a sparkling altar of Nemelex Xobeh.
  2350 | D:3      | HP: 4/50 [orc priest/divine providence (9)]
  2351 | D:3      | Reached skill level 5 in Polearms
  2901 | D:3      | Reached XP level 6. HP: 57/57 MP: 7/7
  3381 | D:4      | HP: 6/57 [iguana skeleton (7)]
  3382 | D:4      | Reached skill level 6 in Polearms
  3668 | D:3      | Became a worshipper of Makhleb the Destroyer
  3741 | D:4      | Found a blossoming altar of Fedhas.
  4152 | D:4      | HP: 9/57 [phantom (5)]
  4158 | D:4      | HP: 9/85 [phantom (5)]
  4163 | D:4      | Reached skill level 7 in Polearms
  4163 | D:4      | Reached XP level 7. HP: 11/64 MP: 8/8
  4651 | D:4      | HP: 2/64 [iguana (11)]
  4653 | D:4      | Slain by a hound

Vault maps used:
D:1:      dpeg_arrival_refuge, minmay_misc_feat_room, hangedman_decor_riveting,
          grunt_decor_cap
D:3:      nemelex_altar_shiori, makhleb_heckhound_becter
D:4:      lemuel_upstairs_altar, lemuel_crystal_altar,
          nicolae_tso_swordbearing_angel

Action                   |  1- 3 |  4- 6 |  7- 9 || total
-------------------------+-------+-------+-------++-------
Melee: Spear             |   129 |   276 |    15 ||   420
 Abil: Spit Poison       |    10 |    20 |       ||    30
       Evoke Teleportati |       |       |     1 ||     1
Evoke: Wand              |       |     2 |       ||     2
  Use: Scroll            |     3 |     4 |       ||     7
       Potion            |       |     2 |       ||     2
 Stab: Sleeping          |     1 |     3 |       ||     4
       Distracted        |       |       |     1 ||     1
  Eat: Chunk             |     1 |    11 |     1 ||    13
